 Dungeon Crawl Stone Soup version 0.30.2 (webtiles) character file.

Game seed: 16149463724173332313

35 porpoise the Digger (level 3, -1/19 HPs)
             Began as a Gargoyle Earth Elementalist on Feb 3, 2024.
             Slain by Terence
             ... wielding a +2 vampiric hand axe
              (6 damage)
             ... on level 1 of the Dungeon.
             The game lasted 00:05:34 (818 turns).

porpoise the Digger (Gargoyle Earth Elementalist)    Turns: 818, Time: 00:05:37

Health: -1/19      AC:  5    Str: 17    XL:     3   Next: 33%
Magic:  5/7        EV: 11    Int: 17    God:
Gold:   69         SH:  0    Dex: 10    Spells: 3/7 levels left

rFire   . . .        a - +1 whip (venom)
rCold   . . .        (no shield)
rNeg    + . .        k - +0 robe
rPois   ∞            (no helmet)
rElec   +            (no cloak)
rCorr   .            (no gloves)
SInv    .            (no boots)
Will    .....        (no amulet)
Stlth   ++           c - +6 ring of strength
HPRegen 0.23/turn    (no ring)
MPRegen 0.10/turn

%: no passive effects
@: no status effects
A: sickness immunity, AC +3, negative energy resistance 1, electricity
resistance, torment resistance 1, petrification resistance
a: no special abilities


You were on level 1 of the Dungeon.
You visited 1 branch of the dungeon, and saw 2 of its levels.

You collected 69 gold pieces.

Inventory:

Hand Weapons
 a - a +1 whip of venom (weapon)
 b - a +1 whip of electrocution
Armour
 k - a +0 robe (worn)
Jewellery
 c - a +6 ring of strength (left hand)
Scrolls
 d - a scroll of enchant weapon {unknown}
 f - a scroll of enchant armour {unknown}
 g - 3 scrolls of identify {unknown}
 h - a scroll of blinking {unknown}
 i - a scroll of magic mapping {unknown}
 j - a scroll of vulnerability {unknown}
 l - a scroll of fear {unknown}
Potions
 e - a potion of magic


   Skills:
 - Level 1.5 Dodging
 - Level 2.1 Stealth
 - Level 2.7 Spellcasting
 + Level 0.5 Conjurations
 - Level 0.7 Transmutations
 + Level 4.4 Earth Magic


You had 3 spell levels left.
You knew the following spells:

 Your Spells              Type           Power      Damage    Failure   Level
a - Sandblast             Erth           34%        2d9       2%          1
b - Stone Arrow           Conj/Erth      20%        3d8       19%         3

Your spell library contained the following spells:

 Spells                   Type           Power      Damage    Failure   Level
 Passwall                 Tmut/Erth      9%         N/A       10%         2
 Petrify                  Tmut/Erth      11%        N/A       52%         4


Dungeon Overview and Level Annotations

Branches:
Dungeon (2/15)

Altars:

Shops:
D:1 [

Annotations:
D:1 Terence


Innate Abilities, Weirdness & Mutations

You are immune to sickness and miasma.
Your stone body is resilient. (AC +3)
You are immune to poison.
You resist negative energy. (rN+)
You are resistant to electric shocks. (rElec)
You are resistant to unholy torment.
You are immune to petrification.


Message History

Terence shouts!
The bat hits you but does no damage. The bat completely misses you.
The bat barely misses you.
You hit the bat.
You kill the bat!
The bat hits you but does no damage.
The kobold throws a stone.
The stone barely misses you.
The stone barely misses the frilled lizard.
You hit the frilled lizard.
You kill the frilled lizard!
The bat closely misses you.
A bat comes into view.
Your magical contamination has completely faded away.
You miss the bat. The bat hits you but does no damage.
The kobold throws a stone.
The stone barely misses you. The bat misses you.
Terence hits you with a +2 vampiric hand axe!
The kobold barely misses you. The bat hits you but does no damage.
There is a stone staircase leading up here.
The bat closely misses you. The kobold closely misses you.
Terence hits you with a +2 vampiric hand axe.
* * * LOW HITPOINT WARNING * * *
You climb upwards.
There is a stone staircase leading down here.
Okay, then.
Unknown command.
Casting: Sandblast (safe; 2% risk of failure)
Confirm with . or Enter, or press ? or * to list all spells.
The spell is extremely dangerous to miscast (19% risk of failure)!
Continue anyway?
Okay, then.
Casting: Stone Arrow (extremely dangerous; 19% risk of failure)
Confirm with . or Enter, or press ? or * to list all spells.
Aiming: Sandblast (safe; 2% risk of failure)
Press: ? - help, Shift-Dir - straight line, f - Terence
Aim: Terence, wielding a +2 vampiric hand axe and wearing a +0 scale mail (84% to hit)
The blast of sand hits Terence.
Terence is moderately wounded.
Terence hits you with a +2 vampiric hand axe.
You die...

##...........##.#.#........###
######...........#.♣.....[..####
##...####.###.♣.#....#.....
##### #.# #...##.........
####.#######....#.####
#.......##(.##..#.#...
#.##.##.##........#.##
#.##@...###.......#.## #.###@K.#
#.........†.
#.###...###...........
#.........#.......#.##
##................#.##
#................#...
#.......).#####......
####.....## #.####. #...###
#...... #..)### #.##.#.


You could see Terence and a kobold.

Vanquished Creatures
  2 dart slugs (D:1)
  5 ball pythons
  4 bats
  An endoplasm (D:1)
  3 goblins (D:1)
  3 quokkas (D:1)
  3 frilled lizards
  6 kobolds (D:1)
  3 rats (D:1)
30 creatures vanquished.

Notes
Turn   | Place    | Note
-------+----------+-------------------------------------------
     0 | D:1      | porpoise the Gargoyle Earth Elementalist began the quest
                  | for the Orb.
     0 | D:1      | Reached XP level 1. HP: 10/10 MP: 3/3
   111 | D:1      | Reached skill level 4 in Earth Magic
   111 | D:1      | Reached XP level 2. HP: 15/15 MP: 0/5
   472 | D:1      | Found Eqish's Antique Armour Shoppe.
   566 | D:1      | Reached XP level 3. HP: 19/19 MP: 5/7
   617 | D:1      | Learned a level 3 spell: Stone Arrow
   809 | D:2      | Noticed Terence
   818 | D:1      | Slain by Terence

Illustrated notes

Levels and vault maps discovered:
D:1:      amcnicky_arrival_blooded_trapdoor, layout_loops_cross, serial_shops,
          nicolae_shop_just_a_little_nook, minmay_pentomino_t4
D:2:      layout_rooms, shapermc_ecumenical_altar_pompeii, minmay_box_of_dots,
          uniq_terence

Skill      XL: |  1 |
---------------+----+-----
Earth Magic    | 4 |  4.4
Dodging        | |  1.5
Stealth        | |  2.1
Spellcasting   | |  2.7
Conjurations   | |  0.5
Transmutations | |  0.7

Action                     || total
---------------------------++-------
  Melee: Unarmed           ||     8
         Whip              ||    50
   Cast: Sandblast         ||    15
   Stab: Sleeping          ||     2
 Armour: Robe              ||    32
  Dodge: Dodged            ||    38
